 Dungeon Crawl Stone Soup version 0.29.1-15-g9cfb28693d (webtiles) character file.

Game seed: 14350220901728351893

272 LLlMATKO the Trooper (level 6, 0/56 HPs)
             Began as a Minotaur Berserker on Apr 17, 2023.
             Was a Priest of Trog.
             Slain by a kobold brigand
             ... wielding a +2 dagger of speed
              (3 damage)
             ... on level 4 of the Dungeon.
             The game lasted 00:03:13 (3467 turns).

LLlMATKO the Trooper (Minotaur Berserker)           Turns: 3467, Time: 00:03:14

Health: 0/56       AC: 13    Str: 24    XL:     6   Next: 2%
Magic:  5/5        EV:  7    Int:  4    God:    Trog [***...]
Gold:   162        SH:  0    Dex:  9    Spells: 5/5 levels left

rFire   . . .      SeeInvis .   a - +0 hand axe
rCold   . . .      Faith    .   (no shield)
rNeg    . . .      Spirit   .   g - +0 plate armour
rPois   .          Reflect  .   (helmet restricted)
rElec   .          Harm     .   c - +0 cloak
rCorr   .          Rampage  .   (no gloves)
Will    ++...                   (no boots)
Stlth   ..........              (no amulet)
HPRegen 1.18/turn               (no ring)
MPRegen 0.09/turn               (no ring)

@: strong-willed, on berserk cooldown, regenerating, slowed, very slow
A: horns 2, retaliatory headbutt
a: Renounce Religion, Berserk, Trog's Hand


You were on level 4 of the Dungeon.
You worshipped Trog.
Trog was most pleased with you.
You visited 1 branch of the dungeon, and saw 4 of its levels.

You collected 162 gold pieces.

Inventory:

Hand Weapons
 a - a +0 hand axe (weapon)
Missiles
 s - 2 throwing nets (quivered)
Armour
 c - a +0 cloak (worn)
 g - a +0 plate armour (worn)
Wands
 l - a wand of mindburst (16)
Scrolls
 b - 2 scrolls of magic mapping {unknown}
 i - 2 scrolls of immolation {unknown}
 k - a scroll of amnesia {unknown}
 m - 2 scrolls of noise {unknown}
 p - a scroll of blinking {unknown}
 q - 3 scrolls of identify {unknown}
 r - a scroll of fear {unknown}
 w - a scroll of teleportation {unknown}
Potions
 d - 2 potions of haste
 e - 2 potions of heal wounds {unknown}
 f - a potion of ambrosia {unknown}
 h - 2 potions of brilliance {unknown}
 j - a potion of might {unknown}
 n - 2 potions of curing {unknown}
 o - 2 potions of lignification {unknown}
 t - a potion of resistance
 u - a potion of attraction {unknown}
 v - 2 potions of mutation {unknown}


   Skills:
 + Level 5.2 Fighting
 + Level 5.1 Axes
 + Level 4.2 Armour
 + Level 3.9 Dodging


You had 5 spell levels left.
You didn't know any spells.
Your spell library was empty.

Dungeon Overview and Level Annotations

Branches:
Dungeon (4/15)
 Temple: D:4-7

Altars:
Okawaru


Innate Abilities, Weirdness & Mutations

You have a pair of horns on your head.
You reflexively headbutt those who attack you in melee.


Message History

The kobold brigand is lightly wounded.
You hit the kobold brigand. You closely miss the hobgoblin.
You feel sick.
You are no longer poisoned.
The kobold brigand hits you with a +1 dagger of speed.
* * * LOW HITPOINT WARNING * * *
The hobgoblin barely misses you.
The kobold brigand hits you but does no damage. x2
The kobold brigand hits you with a +2 dagger of speed.
* * * LOW HITPOINT WARNING * * *
The hobgoblin closely misses you. You furiously retaliate!
You headbutt the hobgoblin!
You kill the hobgoblin!
Trog accepts your kill.
The kobold brigand hits you but does no damage.
You closely miss the kobold brigand.
The kobold brigand is lightly wounded.
You hit the kobold brigand but do no damage.
The kobold brigand closely misses you. You furiously retaliate!
You headbutt the kobold brigand!
The kobold brigand hits you but does no damage. x2
The kobold brigand hits you with a +1 dagger of speed.
* * * LOW HITPOINT WARNING * * *
You closely miss the kobold brigand.
The kobold brigand is moderately wounded.
You closely miss the kobold brigand.
The kobold brigand hits you with a +2 dagger of speed.
* * * LOW HITPOINT WARNING * * *
The kobold brigand hits you with a +1 dagger of speed.
* * * LOW HITPOINT WARNING * * *
The kobold brigand hits you but does no damage.
The kobold brigand barely misses you.
The kobold brigand hits you but does no damage.
You closely miss the kobold brigand.
The kobold brigand is moderately wounded.
You hit the kobold brigand but do no damage.
The kobold brigand hits you with a +1 dagger of speed.
* * * LOW HITPOINT WARNING * * *
The kobold brigand barely misses you. x2
The kobold brigand hits you with a +2 dagger of speed.
You die...

...........)...#.# #
#.#.#.#.#.#.#.)#.#..
.............†)..#.#
.#.#.#.#.#.#.##..#.#
#............ #.)#.##
#####.....##.
##....#### #....##.
##........
######....##.
#..)..####
..........##. #.@⌠...#
..####.........)KK...#
..# .#..........# ..#
#..........# ..#
#...........# ..#
#............. ###
#.............
########......


You could see 2 kobold brigands.

Vanquished Creatures
  Crazy Yiuf (D:2)
  An iguana (D:4)
  3 gnolls (D:2)
  7 adders
  A worm (D:2)
  A dart slug (D:2)
  5 orcs
  7 ball pythons
  6 endoplasms
  A giant cockroach (D:1)
  14 goblins
  17 hobgoblins
  6 jackals
  10 kobolds
  3 quokkas
  7 bats
  5 frilled lizards
  12 rats
107 creatures vanquished.

Notes
Turn   | Place    | Note
-------+----------+-------------------------------------------
     0 | D:1      | LLlMATKO the Minotaur Berserker began the quest for the
                  | Orb.
     0 | D:1      | Reached XP level 1. HP: 19/19 MP: 0/0
    69 | D:1      | Reached XP level 2. HP: 27/27 MP: 1/1
   412 | D:1      | Reached ** piety under Trog
   413 | D:1      | Reached XP level 3. HP: 33/33 MP: 2/2
   826 | D:2      | Found a faded altar of an unknown god.
  1049 | D:2      | Reached XP level 4. HP: 34/41 MP: 3/3
  1391 | D:2      | Found a runed translucent door.
  1392 | D:2      | Noticed Crazy Yiuf
  1399 | D:2      | Killed Crazy Yiuf
  1909 | D:2      | Reached XP level 5. HP: 46/47 MP: 4/4
  2357 | D:3      | Found an iron altar of Okawaru.
  2962 | D:4      | Reached skill level 5 in Fighting
  2965 | D:4      | Reached *** piety under Trog
  3224 | D:4      | Reached skill level 5 in Axes
  3445 | D:4      | Reached XP level 6. HP: 56/56 MP: 5/5
  3467 | D:4      | Slain by a kobold brigand

Illustrated notes

Levels and vault maps discovered:
D:1:      wander_arrival_abandoned_jail, layout_loops_cross, dk_noncrumbling_2,
          minmay_split_cup_large
D:2:      minmay_recursive_quarters, layout_basic,
          ebering_ecumenical_altar_petrified, uniq_crazy_yiuf_cottage
D:3:      layout_basic, okawaru_metal_pillars_1_2,
          hangedman_decor_clover_reticule
D:4:      cheibrodos_thug_alley, layout_basic, hex_large,
          hangedman_feature_mirror

Skill      XL: |  1  2  3  4  5 |
---------------+----------------+-----
Fighting       | 4 5 |  5.2
Axes           | 4 5 |  5.1
Armour         | 3 4 |  4.2
Dodging        | 3 |  3.9

Action                   |  1- 3 |  4- 6 || total
-------------------------+-------+-------++-------
Melee: Hand axe          |    91 |   128 ||   219
       Headbutt          |     5 |    22 ||    27
       Punch             |       |     1 ||     1
Invok: Berserk           |       |     2 ||     2
       Trog's Hand       |       |     1 ||     1
Armor: Animal skin       |     3 |       ||     3
       Plate armour      |    43 |    92 ||   135
Dodge: Dodged            |    34 |    58 ||    92
